 Dungeon Crawl Stone Soup version 0.14.1 (webtiles) character file.

168 Kae the Insei (level 5, -1/40 HPs)
             Began as a Draconian Transmuter on May 1, 2014.
             Killed by nerve-wracking pain
             ... invoked by an orc priest
              (7 damage)
             ... on Level 3 of the Dungeon.
             The game lasted 00:02:44 (2071 turns).

Kae the Insei (Draconian Transmuter)                Turns: 2071, Time: 00:02:44

HP  -1/40        AC 10     Str 12      XL: 5   Next:  4%
MP   9/9         EV 12     Int 14      God:
Gold 25          SH  0     Dex 12      Spells:  1 memorised,  7 levels left

rFire  . . .     SeeInvis .     g - +2,+0 dagger (protect)
rCold  . . .     Clarity  .     (armour unavailable)
rNeg   . . .     Conserve .     (no shield)
rPois  .         rCorr    .     (helmet restricted)
rElec  .         rRot     .     (no cloak)
SustAb . .       Spirit   .     (no gloves)
rMut   .         Warding  .     (no boots)
Saprov . . .     Stasis   .     (no amulet)
MR     .....                    (no ring)
                                (no ring)

@: not resistant to hostile enchantments, unstealthy
A: unfitting armour, AC +5
a: no special abilities


You were on level 3 of the Dungeon.
You were hungry.

You visited 1 branch of the dungeon, and saw 3 of its levels.

You collected 25 gold pieces.

Inventory:

Hand weapons
 g - a +2,+0 dagger of protection (weapon)
Missiles
 b - 34 arrows
 i - 3 darts (quivered)
Comestibles
 a - 2 bread rations
 c - a rotting chunk of quokka flesh
 f - 9 sultanas
 k - 2 rotting chunks of orc flesh
 l - a meat ration
Scrolls
 e - a scroll of enchant weapon I {unknown}
 j - 2 scrolls of immolation {unknown}
 n - a scroll of random uselessness
Books
 d - a book of Changes

   Spells                             Type                      Level
   *Beastly Appendage                 Transmutation                1
   Sticks to Snakes                   Transmutation                2
   Spider Form                        Transmutation/Poison         3
   Ice Form                           Ice/Transmutation            4
   Blade Hands                        Transmutation                5


   Skills:
 - Level 1.1 Fighting
 - Level 1.7 Dodging
 * Level 5.0 Unarmed Combat
 - Level 2.0 Spellcasting
 + Level 3.3 Transmutations


You had 7 spell levels left.
You knew the following spells:

 Your Spells              Type           Power        Failure   Level  Hunger
a - Beastly Appendage     Trmt           ##....       10%         1    ##.....


Dungeon Overview and Level Annotations

Branches:
Dungeon (3/15)

Altars:


Message History

You barely resist. You barely miss the orc priest.
The orc priest is moderately wounded.
The orc priest invokes the aid of Beogh against you.
Something smites you!
* * * LOW HITPOINT WARNING * * *
You hit the orc priest but do no damage.
The orc priest is moderately wounded.
The orc priest becomes somewhat translucent.
You hit the orc priest but do no damage.
The orc priest is moderately wounded.
The orc priest calls down the wrath of Beogh upon you.
Pain shoots through your body!
* * * LOW HITPOINT WARNING * * *
You are feeling hungry.
You barely miss the orc priest.
Your tail-slap misses the orc priest.
The orc priest is moderately wounded.
The orc priest calls down the wrath of Beogh upon you.
Pain shoots through your body!
You die...

...# ...# #..#
#..# #. #!.#
...####..######
.........(....#
#.............#
#.....o@<.....#
#.............#
#.............#
#.......(.....#
#.............#
..............
.......#####
......# #..#


You could see an orc priest.

Vanquished Creatures
  Sigmund (D:2)
  An adder (D:2)
  3 orcs (D:2)
  4 giant cockroaches
  2 hobgoblins
  13 jackals (D:2)
  2 quokkas (D:2)
  8 bats
  2 giant newts
  5 goblins
  6 kobolds
  6 rats
53 creatures vanquished.

Notes
Turn   | Place    | Note
--------------------------------------------------------------
     0 | D:1      | Kae, the Draconian Transmuter, began the quest for the Orb.
     0 | D:1      | Reached XP level 1. HP: 16/16 MP: 3/3
   258 | D:1      | Reached XP level 2. HP: 23/23 MP: 4/4
   744 | D:2      | Reached XP level 3. HP: 14/28 MP: 4/6
  1018 | D:2      | Reached skill level 4 in Unarmed Combat
  1041 | D:2      | Noticed Sigmund
  1267 | D:1      | Paralysed by a potion of paralysis for 5 turns
  1287 | D:2      | Killed Sigmund
  1287 | D:2      | Reached XP level 4. HP: 17/35 MP: 5/7
  1680 | D:2      | Reached skill level 5 in Unarmed Combat
  1719 | D:2      | Reached XP level 5. HP: 19/40 MP: 9/9
  2066 | D:3      | HP: 2/40 [orc priest/nerve-wracking pain (6)]
  2071 | D:3      | Killed from afar by an orc priest

Action                   |  1- 3 |  4- 6 || total
-------------------------+-------+-------++-------
Melee: Unarmed           |   103 |    65 ||   168
       Dagger            |       |    18 ||    18
 Cast: Beastly Appendage |     5 |     5 ||    10
  Use: Scroll            |     6 |       ||     6
       Potion            |     4 |     1 ||     5
